 Seeded DCSS version 0.31-a0-597-g7c2b8d6 (webtiles) character file.

Game seed: 7008617450479934224 (custom seed)

233 edsrzf the Cutter (level 5, -1/38 HPs)
             Began as a Mummy Gladiator on Aug 20, 2023.
             Slain by a human zombie (6 damage)
             ... in an ossuary.
             The game lasted 00:08:05 (2933 turns).

edsrzf the Cutter (Mummy Gladiator)                 Turns: 2933, Time: 00:08:06

Health: -1/38      AC:  4    Str: 18    XL:     5   Next: 74%
Magic:  5/5        EV: 12    Int:  9    God:
Gold:   126        SH:  0    Dex: 13    Spells: 4/4 levels left

rFire   x . .        a - +0 rapier
rCold   + . .        (no shield)
rNeg    + + +        b - +0 leather armour
rPois   ∞            c - +0 helmet
rElec   .            (no cloak)
rCorr   .            (no gloves)
SInv    .            (no boots)
Will    .....        (no amulet)
Stlth   ++           (no ring)
HPRegen 0.26/turn    (no ring)
MPRegen 0.09/turn

%: faith
@: no status effects
A: cold resistance 1, negative energy resistance 3, torment resistance 2, heat
vulnerability 1, in touch with death 1, no potions, faith
a: no special abilities


You were in an ossuary.
You visited 1 branch of the dungeon, and saw 4 of its levels.
You also visited: Ossuary.

You collected 126 gold pieces.

Inventory:

Hand Weapons
 a - a +0 rapier (weapon)
Missiles
 d - 3 throwing nets (quivered) {=f}
 e - a javelin
 g - 16 stones
 j - 2 silver javelins
 k - 5 atropa-tipped darts
 o - 4 poisoned darts
Armour
 b - a +0 leather armour (worn)
 c - a +0 helmet (worn)
 n - a +2 kite shield
Magical Staves
 h - a staff of earth
Scrolls
 f - 2 scrolls of identify {@r1}
 i - a scroll of enchant weapon
 l - 2 scrolls of enchant armour
 m - 2 scrolls of poison


   Skills:
 - Level 2.0 Fighting
 + Level 5.0 Short Blades
 - Level 1.5 Throwing
 - Level 2.4 Dodging
 - Level 2.0 Stealth


You had 4 spell levels left.
You didn't know any spells.
Your spell library contained the following spells:

 Spells                   Type           Power      Damage    Failure   Level
 Foxfire                  Conj/Fire      0%         2x1d4     43%         1
 Blink                    Tloc           0%         N/A       58%         2
 Manifold Assault         Tloc           0%         N/A       99%         4
 Plasma Beam              Fire/Air       0%         2x1d10    100%        6
 Starburst                Conj/Fire      0%         6d3       100%        6


Dungeon Overview and Level Annotations

Branches:
Dungeon (4/15)            Ossuary (1/1)
 Temple: D:4-7

Altars:
Nemelex Xobeh
Qazlal

Shops:
D:2 ?[

Annotations:
D:2 Sigmund


Innate Abilities, Weirdness & Mutations

You are immune to poison.
Your flesh is cold resistant. (rC+)
You are immune to negative energy. (rN+++)
You are immune to unholy pain and torment.
You are vulnerable to heat. (rF-)
You are in touch with the powers of death.
You do not drink.
You have a special connection with the divine. (Faith)


Message History

Aim: an elf zombie (severely damaged, 54% to hit)
You throw a silver javelin.
The silver javelin pierces through the elf zombie.
The elf zombie is almost destroyed.
Throw: javelin (silver)
Press: ? - help, Shift-Dir - straight line, f/p - elf zombie
Aim: an elf zombie (almost destroyed, 54% to hit)
You throw a silver javelin.
The silver javelin pierces through the elf zombie!
The elf zombie is almost destroyed.
Throw: javelin
Press: ? - help, Shift-Dir - straight line, f/p - elf zombie
Aim: an elf zombie (almost destroyed, 54% to hit)
You throw a javelin.
The javelin pierces through the elf zombie!
You destroy the elf zombie!
Your Short Blades skill increases to level 5!
e - a javelin;
j - 2 silver javelins
Found 2 silvery potions and 2 emerald potions.
Found a scroll of poison and a grey potion.
You see here a lumpy purple potion.
m - 2 scrolls of poison (gained 1)
You see here a lumpy purple potion. 2 jackal zombies come into view.
A jackal zombie and a goblin zombie come into view.
The jackal zombie misses you.
The jackal zombie bites you but does no damage.
The jackal zombie barely misses you.
The jackal zombie attacks as it pursues you!
The jackal zombie barely misses you. The jackal zombie bites you.
The jackal zombie attacks as it pursues you!
The jackal zombie bites you but does no damage.
You puncture the jackal zombie!
The jackal zombie is severely damaged.
The jackal zombie bites you but does no damage.
You barely miss the jackal zombie.
The jackal zombie is severely damaged.
The jackal zombie misses you.
You hit the jackal zombie.
You destroy the jackal zombie!
You hit the jackal zombie.
The jackal zombie is severely damaged.
The jackal zombie closely misses you.
You hit the jackal zombie.
You destroy the jackal zombie!
You hit the jackal zombie.
The jackal zombie is heavily damaged.
The jackal zombie bites you.
You hit the jackal zombie.
The jackal zombie is almost destroyed.
The jackal zombie bites you but does no damage.
You puncture the jackal zombie!
You destroy the jackal zombie!
You hit the goblin zombie.
The goblin zombie is moderately damaged.
The goblin zombie barely misses you.
You barely miss the goblin zombie.
The goblin zombie is moderately damaged.
You closely miss the goblin zombie.
The goblin zombie is moderately damaged.
The goblin zombie barely misses you.
You barely miss the goblin zombie.
The goblin zombie is moderately damaged.
The goblin zombie closely misses you.
You hit the goblin zombie.
You destroy the goblin zombie!
A human zombie comes into view.
A kobold zombie and a goblin zombie come into view.
The helpless human zombie fails to defend itself.
You puncture the human zombie!
The human zombie is moderately damaged.
The human zombie closely misses you.
You hit the human zombie.
The human zombie is moderately damaged.
The human zombie hits you.
You barely miss the human zombie.
The human zombie is moderately damaged.
You hit the human zombie.
The human zombie is moderately damaged.
The human zombie hits you!
You are too injured to fight recklessly!
You are too injured to fight recklessly!
You are too injured to fight recklessly!
You hit the human zombie.
The human zombie is moderately damaged.
The human zombie hits you but does no damage.
You barely miss the human zombie.
The human zombie is moderately damaged.
The human zombie hits you.
You hit the human zombie.
The human zombie is moderately damaged.
You hit the human zombie.
The human zombie is heavily damaged.
The human zombie hits you.
The human zombie attacks as it pursues you!
The human zombie hits you!
* * * LOW HITPOINT WARNING * * *
The human zombie attacks as it pursues you!
The human zombie hits you.
You die...

#...##############...#
#...# #...# #...#
#...# ###...# #...#
#...# .....+####...#
#...######.∩.....#...#
#...#....#.......#...#
#...#.#..#.......#...#
#...#.####.......#...#
#...#.........@Z.#...#
#...#.####..####.#...#
#...#.#.!#..# #.#...#
#...#.!!!#^.#ZZ..#...#
#...######^.######...#
#....................#
#........8..8........#
#....................#
#....................#


You could see a human zombie.

Vanquished Creatures
  An elf zombie (Ossuary)
  A hound (D:4)
  5 adders
  A worm (D:3)
  2 dart slugs (D:3)
  An orc (D:4)
  5 endoplasms
  3 giant cockroaches
  7 goblins
  2 hobgoblins
  6 jackals (D:3)
  5 kobolds
  A quokka (D:2)
  7 ball pythons
  2 bats
  3 frilled lizards (D:1)
  A goblin zombie (Ossuary)
  4 hobgoblin zombies (Ossuary)
  3 jackal zombies (Ossuary)
  10 kobold zombies (Ossuary)
  6 orc zombies (Ossuary)
  7 rats
83 creatures vanquished.

Notes
Turn   | Place    | Note
-------+----------+-------------------------------------------
     0 | D:1      | edsrzf the Mummy Gladiator began the quest for the Orb.
     0 | D:1      | Reached XP level 1. HP: 16/16 MP: 1/1
   761 | D:1      | Reached skill level 1 in Stealth
   761 | D:1      | Reached XP level 2. HP: 15/22 MP: 2/2
  1103 | D:2      | Found Nerro's Antique Armour Shop.
  1211 | D:2      | Reached skill level 3 in Short Blades
  1323 | D:2      | Noticed Sigmund
  1331 | D:2      | Identified 2 scrolls of identify
  1331 | D:2      | Identified 2 scrolls of enchant armour
  1332 | D:2      | Identified a scroll of vulnerability
  1333 | D:2      | Identified a scroll of noise
  1334 | D:2      | Identified a scroll of fog
  1335 | D:2      | Identified a scroll of teleportation
  1343 | D:2      | Gained mutation: You are in touch with the powers of death.
                  | [Mummy growth]
  1343 | D:2      | Reached XP level 3. HP: 27/27 MP: 3/3
  1400 | D:2      | Found Vysuoche's Magic Scroll Shoppe.
  1642 | D:3      | Reached skill level 2 in Stealth
  1837 | D:3      | Reached XP level 4. HP: 29/33 MP: 4/4
  2262 | D:3      | Identified a scroll of poison
  2263 | D:3      | Identified a scroll of enchant weapon
  2300 | D:3      | Found a sparkling altar of Nemelex Xobeh.
  2446 | D:4      | Reached skill level 4 in Short Blades
  2454 | D:4      | Found a stormy altar of Qazlal.
  2471 | D:4      | Reached XP level 5. HP: 21/38 MP: 5/5
  2566 | D:4      | Found a sand-covered staircase.
  2574 | Ossuary  | Entered an ossuary
  2790 | Ossuary  | HP: 1/38 [elf zombie (3)]
  2856 | Ossuary  | Reached skill level 5 in Short Blades
  2933 | Ossuary  | Slain by a human zombie

Illustrated notes

Levels and vault maps discovered:
D:1:      dpeg_arrival_boxorama, layout_basic, chequers_serial_rivers_room_b
D:2:      layout_loops_ring, serial_shops, nicolae_shop_stone, shop,
          uniq_sigmund
D:3:      layout_basic, nemelex_spade_bored_becter,
          hangedman_abyss_or_decor_lesser_grid
D:4:      minmay_diamond_boxcup, layout_basic, nicolae_qazlal_scattered_showers,
          gup_sewer_entry_bowl, lightli_ossuary_entry_decrepit_ruins,
          minivault_11
Ossuary:  ossuary_tomb_1

Skill      XL: |  1  2  3  4  5 |
---------------+----------------+-----
Stealth        | 1 2 |  2.0
Short Blades   | 3 4 5 |  5.0
Fighting       | |  2.0
Throwing       | |  1.5
Dodging        | |  2.4

Action                     |  1- 3 |  4- 6 || total
---------------------------+-------+-------++-------
  Melee: Rapier            |   123 |   215 ||   338
         Punch             |       |     2 ||     2
  Throw: Dart              |     1 |       ||     1
         Javelin           |       |     6 ||     6
         Stone             |       |     1 ||     1
    Use: Scroll            |     5 |     2 ||     7
   Stab: Sleeping          |     2 |     3 ||     5
 Armour: Leather armour    |    23 |    57 ||    80
  Dodge: Dodged            |    69 |   119 ||   188

Table legend: (Time is in decaauts)
 A = Elapsed time spent in this place.
 B = Non-inter-level travel time spent in this place.
 C = Inter-level travel time spent in this place.
 D = Time resting spent in this place.
 E = Time spent auto-exploring this place.
 F = Levels seen in this place.
 G = Mean time per level.
                   A        B        C        D        E       F      G
               +--------+--------+--------+--------+--------+-----+--------+
         Total |   2941 |   2876 |     65 |    180 |   1118 |   5 |  588.2 |
       Dungeon |   2583 |   2518 |     65 |    180 |   1118 |   4 |  645.8 |
       Ossuary |    358 |    358 |      0 |      0 |      0 |   1 |  358.0 |
               +--------+--------+--------+--------+--------+-----+--------+

Top non-repeatable levels by time:
     D:1: 1108 daAuts
     D:3: 785 daAuts
     D:2: 541 daAuts
 Ossuary: 358 daAuts
     D:4: 148 daAuts
